 Dungeon Crawl Stone Soup version 0.30-a0-354-g6b83867211 (webtiles) character file.

Game seed: 16846856792304198109

5888 mopl the Covert (level 10, -10/69 HPs)
             Began as an Octopode Brigand on Nov 7, 2022.
             Was a Believer of Dithmenos.
             Killed from afar by Erica (20 damage)
             ... with a bolt of poison
             ... on level 10 of the Dungeon.
             The game lasted 00:16:46 (8176 turns).

mopl the Covert (Octopode Brigand)                  Turns: 8176, Time: 00:16:47

Health: -10/69     AC:  1    Str: 10    XL:     10   Next: 82%
Magic:  13/13      EV: 19    Int: 18    God:    Dithmenos [**....]
Gold:   504        SH:  4    Dex: 14    Spells: 6/13 levels left

rFire   . . .      SeeInvis +    a - +2 dagger
rCold   + . .      Faith    .    L - +0 buckler
rNeg    . . .      Spirit   .    (helmet restricted)
rPois   .          Reflect  .    H - amulet of regeneration
rElec   .          Harm     .    v - ring of protection from cold
rCorr   .          Rampage  .    B - ring of see invisible
Will    .....                    G - +4 ring of evasion
Stlth   +++++++...               (no ring)
HPRegen 1.11/turn                (no ring)
MPRegen 0.13/turn                (no ring)
                                 (no ring)
                                 (no ring)

@: lethally poisoned (-10 -> -20), wreathed by umbra, invisible
A: almost no armour, amphibious, 8 rings, camouflage 1, gelatinous body 1,
(nimble swimmer 1), tentacles
a: Renounce Religion, Shadow Step


You were on level 10 of the Dungeon.
You worshipped Dithmenos.
Dithmenos was pleased with you.
You visited 2 branches of the dungeon, and saw 11 of its levels.

You collected 504 gold pieces.

Inventory:

Hand Weapons
 a - a +2 dagger (weapon)
 M - a +0 spear of venom
Missiles
 b - 21 poisoned darts (quivered)
 O - 2 throwing nets
Armour
 L - a +0 buckler (worn)
Jewellery
 k - an amulet of reflection
 v - a ring of protection from cold (left tentacle)
 B - a ring of see invisible (right tentacle)
 C - an amulet of magic regeneration
 D - a ring of fire
 G - a +4 ring of evasion (on tentacle)
 H - an amulet of regeneration (around mantle)
 J - a ring of ice
Wands
 j - a wand of mindburst (5)
 l - a wand of flame (55)
 t - a wand of polymorph (9)
 A - a wand of paralysis (3)
 F - a wand of acid (6)
 R - a wand of digging (1)
Scrolls
 g - 4 scrolls of identify
 h - 3 scrolls of magic mapping {unknown}
 i - a scroll of enchant armour {unknown}
 n - a scroll of immolation {unknown}
 r - a scroll of blinking {unknown}
 u - 3 scrolls of fear {unknown}
 x - 6 scrolls of teleportation {unknown}
 y - a scroll of noise {unknown}
 E - a scroll of acquirement {unknown}
 I - a scroll of fog {unknown}
 P - a scroll of amnesia {unknown}
 Q - a scroll of enchant weapon {unknown}
Potions
 d - 4 potions of attraction {unknown}
 e - a potion of invisibility
 f - a potion of might
 o - 2 potions of heal wounds {unknown}
 q - 4 potions of berserk rage {unknown}
 s - 4 potions of curing
 w - a potion of lignification {!q}
 z - 2 potions of brilliance {unknown}
 K - a potion of mutation {unknown}
 N - a potion of magic {unknown}


   Skills:
 + Level 6.7 Fighting
 - Level 2.0 Short Blades
 + Level 6.7 Throwing
 + Level 6.4 Dodging
 + Level 10.5 Stealth
 + Level 2.5 Shields
 + Level 2.0 Spellcasting
 - Level 2.0 Conjurations
 * Level 0.4 Hexes
 + Level 0.2 Ice Magic
 - Level 2.0 Air Magic
 - Level 3.0 Poison Magic
 + Level 5.0 Invocations
 + Level 6.0 Evocations


You had 6 spell levels left.
You knew the following spells:

 Your Spells              Type           Power      Damage    Failure   Level
b - Ensorcelled Hibernat  Hex/Ice        4%         N/A       32%         2
c - Mephitic Cloud        Conj/Pois/Air  10%        N/A       26%         3
p - Passwall              Tmut/Erth      0%         N/A       34%         2

Your spell library contained the following spells:

 Spells                   Type           Power      Damage    Failure   Level
 Poisonous Vapours        Pois/Air       20%        N/A       13%         2
 Cigotuvi's Dreadful Rot  Necr/Pois/Air  14%        N/A       19%         2
 Swiftness                Air            9%         N/A       30%         3
 Spider Form              Tmut/Pois      7%         N/A       36%         3
 Gell's Gravitas          Tloc           1%         N/A       56%         3
 Lesser Beckoning         Tloc           2%         N/A       56%         3
 Teleport Other           Tloc           1%         N/A       56%         3
 Iskenderun's Battlesphe  Conj           9%         2d6       96%         5
 Iron Shot                Conj/Erth      2%         9d2       100%        6
 Spellforged Servitor     Conj/Summ      2%         N/A       100%        7


Dungeon Overview and Level Annotations

Branches:
Dungeon (10/15)            Temple (1/1) D:5            Lair (0/5) D:8
    Orc: D:9-12

Altars:
Ashenzari
Cheibriados
Dithmenos
Elyvilon
Fedhas
Gozag
Hepliaklqana
Kikubaaqudgha
Makhleb
Nemelex Xobeh
Okawaru
Ru
Trog
Wu Jian
Yredelemnul
The Shining One

Annotations:
D:3 3 runed translucent doors, Lanoc's ghost, amateur BaBe
D:7 1 runed translucent door, PaleRider's ghost, novice KoBr
D:8 exclusion: orange demon, Amaemon
D:9 2 transporters, exclusions: oklob plant and oklob sapling, Ge0ff's ghost, journeyman DEWn
D:10 Erica


Innate Abilities, Weirdness & Mutations

You cannot wear most types of armour.
You are amphibious.
You can wear up to eight rings at the same time.
Your skin changes colour to match your surroundings (Stealth+).
Your rubbery body absorbs attacks. (AC +1, EV +1)
((You are camouflaged when in or above water. (Stealth+)))
You have tentacles for arms and can constrict up to eight enemies at once.


Message History

* * * LOW HITPOINT WARNING * * *
The centaur warrior zombie barely misses you.
The meliai zombie misses you.
The meliai zombie completely misses you.
The centaur warrior skeleton completely misses you.
The centaur warrior skeleton barely misses you.
The centaur warrior zombie misses you. x2
The meliai zombie closely misses you. x2
The centaur warrior skeleton barely misses you.
The centaur warrior skeleton kicks you.
* * * LOW HITPOINT WARNING * * *
The meliai zombie barely misses you.
The meliai zombie completely misses you.
The centaur warrior zombie hits you.
* * * LOW HITPOINT WARNING * * *
The centaur warrior zombie closely misses you.
The centaur warrior skeleton hits you.
* * * LOW HITPOINT WARNING * * *
The centaur warrior skeleton completely misses you.
The meliai zombie hits you but does no damage.
The meliai zombie closely misses you.
The centaur warrior zombie completely misses you.
The centaur warrior zombie closely misses you.
The centaur warrior skeleton closely misses you.
The centaur warrior skeleton barely misses you.
The meliai zombie closely misses you. x2
You feel less invigorated.
You feel less confused.
You block the meliai zombie's attack. x2
The centaur warrior zombie misses you. The centaur warrior zombie kicks you.
* * * LOW HITPOINT WARNING * * *
The centaur warrior skeleton completely misses you.
The centaur warrior skeleton kicks you.
* * * LOW HITPOINT WARNING * * *
The meliai zombie hits you but does no damage.
The meliai zombie barely misses you. Erica gestures at you while chanting.
The bolt of poison hits you!!
You are lethally poisoned!
You die...

...........##....##....#
#
.######....##....##....#
# #....##....##....# #
######......<.........###
.........................
.........................
#####...................
#...................
#..@#####...........
#.ZZ@#..#...........
#.Z..(..#...........
#....'###...........
......('?#.....(......
####.#.'##############
#...'! ##..#"$ #######


You could see Erica (unable to see you, corroded), a centaur warrior zombie
(unable to see you), a meliai zombie (unable to see you) and a centaur warrior
skeleton (unable to see you).

Vanquished Creatures
  Pikel (D:6)
  Joseph (D:8)
  An elephant (D:8)
  Maggie (D:7)
  Psyche (D:10)
  2 hornets (D:9)
  Grinder (D:3)
  A centaur simulacrum (D:10)
  2 wyverns
  A shadow (D:10)
  Eustachio (D:5)
  A yak (D:8)
  A basilisk (D:8)
  2 water moccasins
  An acid dragon (D:9)
  2 orc warriors (D:9)
  An ice beast (D:8)
  2 sky beasts
  2 black bears
  A kobold brigand (D:8)
  3 lemures
  A bullfrog (D:6)
  6 scorpions
  2 gnoll sergeants
  A necrophage (D:6)
  8 killer bees
  A howler monkey (D:8)
  An electric eel (D:9)
  3 hounds
  A centaur skeleton (D:10)
  A jelly (D:6)
  An orc priest (D:9)
  3 orc wizards
  A hound zombie (D:3)
  13 gnolls
  10 adders
  2 white imps
  An ufetubus (D:4)
  2 adder zombies (D:3)
  A worm (D:3)
  A dart slug (D:2)
  17 orcs
  3 endoplasms
  4 giant cockroaches
  7 goblins
  5 hobgoblins
  2 jackals (D:1)
  10 kobolds
  3 quokkas
  11 ball pythons
  4 bats
  2 frilled lizards
  A quokka zombie (D:3)
  5 rats
163 creatures vanquished.

Vanquished Creatures (others)
  10 plants (D:9)
10 creatures vanquished.

Grand Total: 173 creatures vanquished

Notes
Turn   | Place    | Note
-------+----------+-------------------------------------------
     0 | D:1      | mopl the Octopode Brigand began the quest for the Orb.
     0 | D:1      | Reached XP level 1. HP: 14/14 MP: 1/1
   285 | D:1      | Reached XP level 2. HP: 19/19 MP: 2/2
  1120 | D:2      | Reached XP level 3. HP: 25/25 MP: 3/3
  1312 | D:2      | Identified the +2 leather armour of Corashretu {rN+ rCorr
                  | Int-4}
  1837 | D:3      | Found a runed translucent gate.
  1838 | D:3      | Found a runed translucent gate.
  1839 | D:3      | Found a runed translucent gate.
  1841 | D:3      | Noticed Lanoc's ghost (amateur BaBe)
  1891 | D:3      | Reached XP level 4. HP: 27/30 MP: 4/4
  1999 | D:3      | Reached skill level 2 in Dodging
  2033 | D:3      | Found a white marble altar of Elyvilon.
  2035 | D:3      | Noticed Grinder
  2046 | D:3      | Killed Grinder
  2047 | D:3      | Reached skill level 3 in Fighting
  2047 | D:3      | Reached skill level 3 in Throwing
  2047 | D:3      | Reached skill level 6 in Stealth
  2047 | D:3      | Reached XP level 5. HP: 36/36 MP: 5/5
  2047 | D:3      | Reached XP level 6. HP: 42/42 MP: 6/6
  2094 | D:3      | Reached skill level 3 in Dodging
  2104 | D:3      | Found a basalt altar of Yredelemnul.
  2166 | D:3      | Reached skill level 7 in Stealth
  2734 | D:4      | Noticed a black bear
  2749 | D:4      | Killed a black bear
  2750 | D:4      | Reached skill level 4 in Fighting
  2750 | D:4      | Reached skill level 1 in Evocations
  2750 | D:4      | Reached XP level 7. HP: 21/48 MP: 7/7
  2857 | D:4      | Found an ancient bone altar of Kikubaaqudgha.
  3013 | D:4      | Found a blossoming altar of Fedhas.
  3019 | D:4      | Reached skill level 4 in Throwing
  3346 | D:5      | Entered Level 5 of the Dungeon
  3405 | D:5      | Reached skill level 2 in Evocations
  3561 | D:5      | Noticed Eustachio
  3600 | D:5      | Found a staircase to the Ecumenical Temple.
  3630 | D:5      | Killed Eustachio
  3631 | D:5      | Reached skill level 4 in Dodging
  3631 | D:5      | Reached skill level 8 in Stealth
  3631 | D:5      | Reached XP level 8. HP: 16/54 MP: 8/8
  3649 | Temple   | Entered the Ecumenical Temple
  3654 | Temple   | Became a worshipper of Dithmenos the Shadowed
  4080 | D:6      | Reached skill level 3 in Evocations
  4168 | D:6      | Found a burning altar of Makhleb.
  4174 | D:6      | Reached skill level 1 in Invocations
  4513 | D:6      | Reached skill level 5 in Fighting
  4517 | D:6      | Reached skill level 5 in Throwing
  4543 | D:6      | Noticed Pikel
  4846 | D:6      | Found a hazy altar of Hepliaklqana.
  4902 | D:6      | Killed Pikel
  4903 | D:6      | Reached skill level 5 in Dodging
  4903 | D:6      | Reached skill level 9 in Stealth
  4903 | D:6      | Reached skill level 2 in Invocations
  4903 | D:6      | Reached skill level 4 in Evocations
  4903 | D:6      | Reached XP level 9. HP: 42/61 MP: 10/10
  4984 | D:7      | Noticed Maggie
  4996 | D:7      | Killed Maggie
  4997 | D:7      | Reached skill level 3 in Invocations
  5671 | D:7      | Found a runed translucent door.
  5685 | D:7      | Noticed PaleRider's ghost (novice KoBr)
  6011 | D:8      | Learned a level 3 spell: Mephitic Cloud
  6033 | D:8      | Noticed Amaemon
  6119 | D:8      | Found a staircase to the Lair.
  6123 | D:8      | Noticed an elephant
  6140 | D:8      | Reached skill level 1 in Poison Magic
  6149 | D:8      | Killed an elephant
  6150 | D:8      | Reached skill level 6 in Throwing
  6150 | D:8      | Reached skill level 1 in Spellcasting
  6150 | D:8      | Reached skill level 1 in Conjurations
  6150 | D:8      | Reached skill level 1 in Air Magic
  6150 | D:8      | Reached skill level 2 in Poison Magic
  6150 | D:8      | Reached skill level 5 in Evocations
  6208 | D:8      | Reached skill level 6 in Fighting
  6320 | D:8      | Reached * piety under Dithmenos
  6462 | D:8      | Reached skill level 4 in Invocations
  6462 | D:8      | Reached XP level 10. HP: 68/68 MP: 11/13
  6532 | D:8      | Noticed Joseph
  6533 | D:8      | Found an opulent altar of Gozag.
  6535 | D:8      | Found an iron altar of Okawaru.
  6544 | D:8      | Killed Joseph
  6545 | D:8      | Reached skill level 1 in Shields
  6855 | D:8      | Noticed an orange demon
  6974 | D:9      | Reached skill level 2 in Spellcasting
  6978 | D:9      | Reached skill level 10 in Stealth
  6996 | D:9      | Noticed an oklob plant
  7051 | D:9      | Reached skill level 2 in Air Magic
  7083 | D:9      | Noticed Ge0ff's ghost (journeyman DEWn)
  7090 | D:9      | Found a transporter.
  7094 | D:9      | Found a transporter.
  7158 | D:9      | Reached skill level 6 in Dodging
  7158 | D:9      | Reached skill level 2 in Conjurations
  7158 | D:9      | Reached skill level 3 in Poison Magic
  7461 | D:9      | Reached ** piety under Dithmenos
  7528 | D:9      | Reached skill level 2 in Shields
  7690 | D:9      | Got the Reference Book on Toxins and Forms
  7751 | D:10     | Entered Level 10 of the Dungeon
  7995 | D:10     | Found a broken altar of Ashenzari.
  8061 | D:10     | Noticed Psyche
  8069 | D:10     | Paralysed by you for 4 turns
  8075 | D:10     | Killed Psyche
  8076 | D:10     | Reached skill level 5 in Invocations
  8107 | D:10     | Learned a level 2 spell: Ensorcelled Hibernation
  8110 | D:10     | Learned a level 2 spell: Passwall
  8146 | D:10     | Noticed Erica
  8149 | D:10     | Reached skill level 6 in Evocations
  8173 | D:10     | HP: 1/69 [centaur warrior skeleton (6)]
  8176 | D:10     | Killed from afar by Erica

Illustrated notes

Levels and vault maps discovered:
D:1:      dpeg_arrival_pits, layout_loops_ring, serial_co_window_serial,
          co_window_of_opportunity_a, co_window_corner_a, co_window_paths_a,
          co_window_paths_b, co_window_of_opportunity_a,
          co_window_of_opportunity_a, co_window_corner_a, co_window_broadway_c,
          co_window_cross_4, co_window_unsneaky_path_b, co_window_broadway_b,
          co_window_of_opportunity_b, co_window_unsneaky_path_b,
          co_window_paths_d, glass_columns_c
D:2:      layout_loops_cross
D:3:      layout_loops_corners, nicolae_yredelemnul_corpse_copse,
          nicolae_elyvilon_peaceful_grove, ebering_ghost_rock_garden,
          uniq_grinder
D:4:      layout_basic, nicolae_kikubaaqudgha_miasma_corner,
          mainiacjoe_overflow_tiny_flanked
D:5:      layout_cave_pools, minmay_temple_entry_junction, uniq_eustachio
D:6:      layout_cave_pods, mainiacjoe_overflow_boulevard,
          nzn_hepliaklqana_mist_gate, uniq_pikel
D:7:      layout_cave_pods, gammafunk_ghost_grave, corexii_leaking_fountain,
          uniq_maggie
D:8:      layout_loops_ring, chequers_temple_overflow_statue_of_worship,
          david_lair_generic, uniq_amaemon, uniq_joseph
D:9:      layout_cave_pools, gammafunk_ghost_hive, serial_bayou_pond_c,
          kennysheep_small_spiral, introduction_to_nature_2
D:10:     layout_small_grid, mainiacjoe_overflow_alcove_4,
          mainiacjoe_overflow_concentric_impassable, orc_0_dummy,
          hangedman_weighted_door, minivault_4, uniq_nergalle, uniq_psyche,
          uniq_erica
Temple:   nicolae_temple_ecumenical_triangle

Skill      XL: |  1  2  3  4  5  6  7  8  9 10 |
---------------+-------------------------------+-----
Dodging        | 2 3 4 5 6 |  6.4
Fighting       | 3 4 5 6 |  6.7
Throwing       | 3 4 5 6 |  6.7
Stealth        | 6 7 8 9 10 | 10.5
Evocations     | 1 2 4 5 6 |  6.0
Invocations    | 2 4 5 |  5.0
Poison Magic   | 2 3 |  3.0
Spellcasting   | 1 2 |  2.0
Conjurations   | 1 2 |  2.0
Air Magic      | 1 2 |  2.0
Shields        | 2 |  2.5
Short Blades   | |  2.0
Hexes          | |  0.4
Ice Magic      | |  0.2

Action                   |  1- 3 |  4- 6 |  7- 9 | 10-12 || total
-------------------------+-------+-------+-------+-------++-------
Melee: Dagger            |    54 |    51 |   141 |   155 ||   401
       Constrict         |    13 |    13 |    26 |    28 ||    80
       Tentacles         |     7 |    11 |    43 |    59 ||   120
       Punch             |     1 |       |     1 |     4 ||     6
Throw: Dart              |       |     5 |    34 |    11 ||    50
 Cast: Mephitic Cloud    |       |       |       |     3 ||     3
Evoke: Wand              |       |     6 |    12 |    12 ||    30
  Use: Scroll            |       |       |     4 |       ||     4
       Potion            |       |       |       |     3 ||     3
 Stab: Sleeping          |    13 |    10 |    10 |     6 ||    39
       Paralysed         |       |       |     1 |     1 ||     2
       Confused          |       |       |       |     2 ||     2
       Invisible         |       |       |       |     1 ||     1
Armor: Skin              |     6 |     1 |     3 |     5 ||    15
Dodge: Dodged            |    17 |    19 |    94 |   225 ||   355
Block: Other             |       |    16 |    12 |       ||    28
       Buckler           |       |       |     2 |    46 ||    48

Table legend: (Time is in decaauts)
 A = Elapsed time spent in this place.
 B = Non-inter-level travel time spent in this place.
 C = Inter-level travel time spent in this place.
 D = Time resting spent in this place.
 E = Time spent auto-exploring this place.
 F = Levels seen in this place.
 G = Mean time per level.
                   A        B        C        D        E       F      G
               +--------+--------+--------+--------+--------+-----+--------+
         Total |   8137 |   7740 |    397 |    861 |   5324 |  11 |  739.7 |
       Dungeon |   8127 |   7735 |    392 |    861 |   5324 |  10 |  812.7 |
        Temple |     10 |      5 |      5 |      0 |      0 |   1 |   10.0 |
               +--------+--------+--------+--------+--------+-----+--------+

Top non-repeatable levels by time:
     D:1: 1091 daAuts
     D:7: 1003 daAuts
     D:9: 970 daAuts
     D:6: 959 daAuts
     D:8: 882 daAuts
     D:3: 862 daAuts
     D:2: 694 daAuts
     D:4: 684 daAuts
     D:5: 655 daAuts
    D:10: 323 daAuts
  Temple: 10 daAuts
